 Dungeon Crawl Stone Soup version 0.29.1-1-gd02db6906a (webtiles) character file.

Game seed: 1226471037706377266

127 MisterFreud the Twirler (level 5, -2/38 HPs)
             Began as a Formicid Gladiator on Sept 30, 2022.
             Slain by a gnoll
             ... wielding a +0 club
              (5 damage)
             ... on level 2 of the Dungeon.
             The game lasted 00:03:34 (1972 turns).

MisterFreud the Twirler (Formicid Gladiator)        Turns: 1972, Time: 00:03:34

Health: -2/38      AC:  5    Str: 20    XL:     5   Next: 33%
Magic:  5/5        EV: 12    Int:  8    God:
Gold:   116        SH:  0    Dex: 15    Spells: 4/4 levels left

rFire   . . .      SeeInvis +   a - +0 quarterstaff
rCold   . . .      Faith    .   (no shield)
rNeg    . . .      Spirit   .   b - +1 leather armour
rPois   .          Reflect  .   (helmet unavailable)
rElec   .          Harm     .   e - +0 cloak
rCorr   .          Rampage  .   (no gloves)
Will    .....                   (no boots)
Stlth   +.........              (no amulet)
HPRegen 0.12/turn               (no ring)
MPRegen 0.09/turn               (no ring)

@: no status effects
A: permanent stasis, dig shafts and tunnels, antennae 3, four strong arms
a: Dig, Shaft Self


You were on level 2 of the Dungeon.
You visited 1 branch of the dungeon, and saw 2 of its levels.

You collected 116 gold pieces.

Inventory:

Hand Weapons
 a - a +0 quarterstaff (weapon)
Missiles
 c - 3 throwing nets (quivered)
 d - a javelin
Armour
 b - a +1 leather armour (worn)
 e - a +0 cloak (worn)
Jewellery
 k - a ring of ice
Scrolls
 f - 2 scrolls of fear
 m - a scroll of butterflies {unknown}
Potions
 g - a potion of attraction
 h - a potion of cancellation
 i - a potion of lignification
 j - 2 potions of degeneration {unknown}
 l - 2 potions of curing {unknown}


   Skills:
 - Level 2.1 Fighting
 + Level 5.6 Staves
 - Level 2.0 Throwing
 - Level 2.6 Dodging


You had 4 spell levels left.
You didn't know any spells.
Your spell library contained the following spells:

 Spells                   Type           Power      Damage    Failure   Level
 Magic Dart               Conj           0%         1d3       45%         1
 Call Imp                 Summ           0%         N/A       61%         2
 Mephitic Cloud           Conj/Pois/Air  0%         N/A       83%         3


Dungeon Overview and Level Annotations

Branches:
Dungeon (2/15)

Altars:


Innate Abilities, Weirdness & Mutations

You cannot be hasted, slowed, berserked, paralysed or teleported.
You can dig through walls and to a lower floor.
You have a pair of large antennae on your head. (SInv)
Your four strong arms can wield two-handed weapons with a shield.


Message History

The gnoll is almost dead.
The gnoll hits you from afar with a +0 halberd.
The gnoll closely misses you.
You hit the gnoll.
You kill the gnoll!
The gnoll hits you from afar with a +0 halberd.
You have reached level 5!
The gnoll hits you but does no damage.
You see here a +0 club.
You hit the gnoll but do no damage. The gnoll hits you with a +0 halberd.
You hit the gnoll.
The gnoll is moderately wounded.
The gnoll misses you.
You hit the gnoll.
The gnoll is heavily wounded.
The gnoll hits you with a +0 halberd.
You sock the gnoll!
You kill the gnoll!
You hit the gnoll.
The gnoll is heavily wounded.
The gnoll hits you with a +0 club.
You hit the gnoll.
The gnoll is severely wounded.
The gnoll hits you but does no damage.
You barely miss the gnoll.
The gnoll is severely wounded.
The gnoll hits you with a +0 club.
* * * LOW HITPOINT WARNING * * *
You hit the gnoll but do no damage.
The gnoll is severely wounded.
The gnoll completely misses you.
You sock the gnoll!
You kill the gnoll!
You barely miss the gnoll. The gnoll hits you with a +0 club.
* * * LOW HITPOINT WARNING * * *
You barely miss the gnoll. The gnoll barely misses you.
You closely miss the gnoll. The gnoll hits you with a +0 club.
* * * LOW HITPOINT WARNING * * *
You completely miss the gnoll. The gnoll hits you with a +0 club.
You die...

## ##############
#####.
#..g@......>.w
.....
#.####.###.##
..... #†###.#
######. #..(..#
#...... #.###.#
#.####. #.#
##.###.####.####.
#.#
#................
#.#
#..###.#####.###.
#.# #..# #.# #.#
##


You could see a gnoll.

Vanquished Creatures
  2 adders (D:2)
  3 gnolls (D:2)
  4 worms (D:2)
  3 dart slugs
  2 endoplasms (D:1)
  13 giant cockroaches
  8 goblins
  3 hobgoblins (D:1)
  A quokka (D:1)
  3 ball pythons
  4 bats
  2 frilled lizards
  5 kobolds
  6 rats
59 creatures vanquished.

Vanquished Creatures (others)
  6 fungi (D:2)
  2 plants (D:2)
8 creatures vanquished.

Grand Total: 67 creatures vanquished

Notes
Turn   | Place    | Note
-------+----------+-------------------------------------------
     0 | D:1      | MisterFreud the Formicid Gladiator began the quest for the
                  | Orb.
     0 | D:1      | Reached XP level 1. HP: 16/16 MP: 1/1
   103 | D:1      | Reached XP level 2. HP: 22/22 MP: 2/2
   748 | D:1      | Reached skill level 4 in Staves
   748 | D:1      | Reached XP level 3. HP: 27/27 MP: 3/3
  1266 | D:2      | Found a faded altar of an unknown god.
  1292 | D:2      | Reached XP level 4. HP: 29/33 MP: 4/4
  1447 | D:2      | Reached skill level 5 in Staves
  1959 | D:2      | Reached XP level 5. HP: 27/38 MP: 5/5
  1972 | D:2      | Slain by a gnoll

Illustrated notes

Levels and vault maps discovered:
D:1:      lemuel_arrival_rhombus, layout_basic, st_stairs_12,
          nrook_mini_backslash, minmay_tetromino_o2
D:2:      minmay_roachtagon, layout_loops_ring, shapermc_ecumenical_altar_gd

Skill      XL: |  1  2  3  4 |
---------------+-------------+-----
Staves         | 4 5 |  5.6
Fighting       | |  2.1
Throwing       | |  2.0
Dodging        | |  2.6

Action                   |  1- 3 |  4- 6 || total
-------------------------+-------+-------++-------
Melee: Quarterstaff      |    63 |   109 ||   172
       Punch             |       |     2 ||     2
Throw: Throwing net      |     1 |       ||     1
  Use: Scroll            |     6 |     1 ||     7
 Stab: Sleeping          |     1 |     1 ||     2
Armor: Leather armour    |    20 |    34 ||    54
Dodge: Dodged            |    36 |    63 ||    99
